 Dungeon Crawl Stone Soup version 0.24-a0-416-g56ce5178b7 (webtiles) character file.

Game seed: 2245585417390257215

33176 KristoblXynda the Covert (level 13, 0/77 HPs)
             Began as an Octopode Venom Mage on June 9, 2019.
             Was an Initiate of Gozag.
             Slain by a sphinx (4 damage)
             ... summoned by Kirke
             ... while paralysed by a sphinx
             ... on level 4 of the Lair of Beasts.
             The game lasted 01:07:46 (24298 turns).

KristoblXynda the Covert (Octopode Venom Mage)     Turns: 24298, Time: 01:07:47

Health: 0/77       AC:  0    Str:  7    XL:     13   Next: 69%
Magic:  20/28      EV:  3    Int: 22    God:    Gozag
Gold:   2493       SH:  0    Dex: 13    Spells: 17/35 levels left

rFire    . . .     SeeInvis .   (weapon currently unavailable)
rCold    . . .     Gourm    .   (shield currently unavailable)
rNeg     . . .     Faith    .   (helmet currently unavailable)
rPois    .         Spirit   .   e - amulet of the acrobat
rElec    .         Reflect  .   (ring currently unavailable)
rCorr    .         Harm     .   (ring currently unavailable)
MR       .....                  (ring currently unavailable)
Stlth    +++++.....             (ring currently unavailable)
HPRegen  0.22/turn              (ring currently unavailable)
MPRegen  0.21/turn              (ring currently unavailable)
                                (ring currently unavailable)
                                (ring currently unavailable)

@: paralysed, pig-form, very quick
A: small, almost no armour, stealthy swim, (amphibious), (8 rings), (constrict
8)
a: Potion Petition, Call Merchant, Bribe Branch, Renounce Religion


You were on level 4 of the Lair of Beasts.
You worshipped Gozag.
Gozag was most pleased with you.
You were not hungry.
You were a filthy swine.
You visited 3 branches of the dungeon, and saw 17 of its levels.
You also visited: Ossuary and Volcano.

You collected 3178 gold pieces.
You paid 685 gold pieces to Gozag.

Inventory:

Hand Weapons
 r - a +5 dagger of distortion (melded)
Missiles
 p - 4 throwing nets (quivered)
Armour
 s - the +2 buckler "Paavyco" (melded) {rF+ Int+4}
   (You found it on level 3 of the Lair of Beasts)

   It affects your intelligence (+4).
   It protects you from fire.
Jewellery
 e - an amulet of the acrobat (around neck)
 g - a ring of stealth (melded)
 h - a ring of protection from magic (melded)
 l - a ring of protection from cold (melded)
 n - a ring of protection from fire (melded)
 t - a +3 ring of protection (melded)
 u - a ring of wizardry (melded)
 x - a +4 ring of intelligence (melded)
 I - a +4 ring of protection (melded)
Wands
 E - a wand of acid (2)
 M - a wand of digging (3)
Scrolls
 c - 2 scrolls of fear
 d - a scroll of magic mapping
 f - 7 scrolls of remove curse
 k - 3 scrolls of fog
 w - 4 scrolls of enchant armour
 y - a scroll of amnesia
 D - 7 scrolls of identify
 G - a scroll of immolation
 J - a scroll of teleportation
Potions
 a - 2 potions of cancellation
 j - 4 potions of flight
 m - 4 potions of curing
 o - a potion of haste
 q - 3 potions of mutation
 v - a potion of heal wounds
 z - 4 potions of brilliance
 A - a potion of invisibility
 B - 4 potions of might
 C - 2 potions of lignification
 F - 2 potions of magic
 H - 2 potions of agility
Miscellaneous
 i - a fan of gales (inert)
Comestibles
 b - 10 rations


   Skills:
 - Level 3.1 Fighting
 - Level 5.0 Short Blades
 + Level 8.5 Dodging
 - Level 12.0 Stealth
 - Level 5.0 Shields
 + Level 11.8 Spellcasting
 + Level 11.6 Conjurations
 - Level 5.0 Poison Magic
 - Level 5.6 Evocations


You had 17 spell levels left.
You knew the following spells:

 Your Spells              Type           Power        Failure   Level  Hunger
a - Magic Dart            Conj           ####         1%          1    None
b - Mephitic Cloud        Conj/Pois/Air  #####...     1%          3    None
d - Force Lance           Conj/Tloc      #####...     4%          4    None
e - Iskenderun's Battles  Conj/Chrm      #####...     13%         5    ####...
f - Fireball              Conj/Fire      #####.....   13%         5    ####...

Your spell library contained the following spells:

 Spells                   Type           Power        Failure   Level  Hunger
 Flame Tongue             Conj/Fire      #####        1%          1    None
 Sting                    Conj/Pois      ####         1%          1    None
 Searing Ray              Conj           ######       1%          2    None
 Throw Flame              Conj/Fire      #####.       1%          2    None
 Conjure Flame            Conj/Fire      #####...     1%          3    None
 Dazzling Spray           Conj/Hex       #####.       1%          3    None
 Iskenderun's Mystic Bla  Conj           ######..     1%          4    None
 Poisonous Vapours        Pois/Air       ###...       2%          2    None
 Fulminant Prism          Conj/Hex       #####.....   4%          4    None
 Sticky Flame             Conj/Fire      #####...     4%          4    None
 Venom Bolt               Conj/Pois      #####.....   4%          5    ####...
 Olgreb's Toxic Radiance  Pois           #####...     6%          4    None
 Irradiate                Conj/Tmut      #####.....   13%         5    ####...
 Inner Flame              Hex/Fire       ##......     16%         3    None


Dungeon Overview and Level Annotations

Branches:
Dungeon (12/15)            Temple (1/1) D:5            Lair (4/6) D:11
  Swamp (0/4) Lair:4        Snake (0/4) Lair:2          Orc (0/2) D:10

Altars:
Ashenzari
Cheibriados
Dithmenos
Elyvilon
Fedhas
Gozag
Hepliaklqana
Kikubaaqudgha
Makhleb
Nemelex Xobeh
Okawaru
Qazlal
Ru
Sif Muna
Trog
Uskayaw
Vehumet
Wu Jian
Xom
Yredelemnul
Zin
The Shining One

Shops:
D:4 }?*

Annotations:
D:5 2 transporters, Menkaure
D:6 2 transporters
D:7 exclusion: ice statue, Crazy Yiuf
D:8 Gastronok, Harold
Lair:4 exclusion: 2 oklob plants, Kirke
Abyss:1 Erica, Nessos, Pikel


Innate Abilities, Weirdness & Mutations

You cannot wear most types of armour.
You are very stealthy in the water. (Stealth+)
((You are amphibious.))
((You can wear up to eight rings at the same time.))
((You can use your tentacles to constrict eight enemies at once.))
((Your skin changes colour to match your surroundings (Stealth+).))
((Your rubbery body absorbs attacks. (AC +1, EV +1)))


Message History

Your +3 ring of protection melds into your body.
Your +4 ring of intelligence melds into your body.
Your ring of wizardry melds into your body.
Your ring of stealth melds into your body.
Your ring of protection from cold melds into your body.
You feel stupid.
The sphinx casts a spell.
You suddenly lose the ability to move!
Kirke hits you!
The sphinx casts a spell.
You struggle to resist.
Kirke wildly gestures.
You feel troubled. Kirke hits you! The sphinx hits you!!
* * * LOW HITPOINT WARNING * * *
The sphinx hits you!
* * * LOW HITPOINT WARNING * * *
The sphinx hits you.
You die...
Your body crumbles into a pile of gold.

#.....................###..####..
#.................#.####....##...
###.#P##.....##..#.#####...###...
######....##.......#..#...###..
#....................## #..
##...###P..####......####..
#.....###..#.###..P..##.#..
#....###..@.####.#.........
##.....###Hh.# #...#........
##P..######..## ##...........
#....#####.*.## #..#P...##...
###..##.###...####.#...####..
#####P...P.###..........#...#.#..
§.............#PPP...#.P.........
#.§.........................#.#..
#§§............#.#.###.....####.h
..§§...........###≈≈≈#.....###P..


You could see Kirke, a sphinx and a friendly battlesphere.

Vanquished Creatures
  A red draconian (Volcano)
  An ogre mage (Volcano)
  2 hydras
  4 two-headed ogres
  A death yak (Lair:3)
  Sonja (Lair:4)
  A swamp dragon (Lair:4)
  2 ugly things (D:11)
  A cyclops (D:12)
  A manticore (D:11)
  A guardian serpent (Lair:2)
  3 black mambas (Lair:1)
  4 spiny frogs
  5 komodo dragons
  A tengu conjurer (D:10)
  2 polar bears
  A troll (D:11)
  Prince Ribbit (D:7)
  5 hippogriffs
  15 blink frogs
  17 yaks
  A shadow (D:11)
  A wraith (D:10)
  4 wyverns
  2 basilisks (Lair:4)
  10 fire bats (Volcano)
  A hog (Lair:4)
  Grum (D:11)
  11 water moccasins
  6 porcupines
  3 ice beasts
  2 orc warriors
  A sky beast (D:12)
  An eye of draining (D:8)
  3 wolves (D:11)
  4 ogres
  4 phantoms
  4 centaurs
  13 crocodiles
  An elf zombie (D:6)
  A big kobold (D:11)
  A gnoll sergeant (D:9)
  13 bullfrogs
  2 elf skeletons (D:6)
  A scorpion (D:7)
  2 killer bees (D:12)
  13 wights
  3 howler monkeys (D:11)
  A crimson imp (D:10)
  6 lava snakes (Volcano)
  3 bullfrog zombies (Ossuary)
  2 centaur zombies
  2 bullfrog skeletons
  4 orc priests
  2 jellies
  2 iguanas
  3 centaur skeletons
  2 human skeletons (D:6)
  6 orc wizards
  7 worker ants
  2 hound zombies (Ossuary)
  A hound skeleton (D:8)
  11 mummies (Ossuary)
  A howler monkey zombie (Ossuary)
  11 gnolls
  A worker ant zombie (D:7)
  11 adders
  A shadow imp (D:12)
  An adder zombie (D:9)
  3 adder skeletons
  2 worms (D:3)
  3 dart slugs
  7 leopard geckos
  20 orcs
  2 giant cockroaches (D:2)
  13 goblins
  7 hobgoblins
  13 jackals
  5 quokkas
  7 ball pythons
  10 bats
  7 frilled lizards
  A jackal zombie (Ossuary)
  14 kobolds
  A leopard gecko skeleton (D:6)
  A leopard gecko zombie (Ossuary)
  An orc skeleton (D:6)
  3 rats
  A fungus (Lair:4)
380 creatures vanquished.

Vanquished Creatures (others)
  2 blink frogs
  5 dream sheep (Lair:4)
  5 yaks
  A hog (Lair:4)
  A porcupine (Lair:2)
  An orc warrior (D:10)
  A slave (D:7)
  2 wights (D:9)
  An orc priest (D:3)
  A hound (D:11)
  A jelly (D:4)
  A worker ant (D:5)
  A hound zombie (Ossuary)
  A mummy (Ossuary)
  A worker ant zombie (Ossuary)
  A gnoll (D:6)
  An adder skeleton (D:4)
  2 orcs (D:3)
  A giant cockroach (D:3)
  A hobgoblin (D:3)
  A jackal (D:4)
  A kobold (D:11)
  A quokka (D:12)
  A goblin (D:3)
  A fungus (Lair:3)
  6 plants
  3 withered plants (Ossuary)
45 creatures vanquished.

Grand Total: 425 creatures vanquished

Notes
Turn   | Place    | Note
-------+----------+-------------------------------------------
     0 | D:1      | KristoblXynda the Octopode Venom Mage began the quest for
                  | the Orb.
     0 | D:1      | Reached XP level 1. HP: 11/11 MP: 3/3
   158 | D:1      | Reached skill level 3 in Stealth
   158 | D:1      | Reached XP level 2. HP: 12/17 MP: 1/5
   983 | D:1      | Reached XP level 3. HP: 12/21 MP: 4/6
  1152 | D:1      | Learned a level 3 spell: Mephitic Cloud
  2132 | D:2      | Reached XP level 4. HP: 10/27 MP: 4/8
  2640 | D:2      | Reached skill level 4 in Stealth
  2940 | D:3      | Noticed a phantom
  2941 | D:3      | Noticed an ogre
  2956 | D:3      | Killed an ogre
  2956 | D:3      | Reached XP level 5. HP: 31/31 MP: 0/9
  3819 | D:3      | Reached XP level 6. HP: 24/36 MP: 5/10
  4002 | D:3      | Reached skill level 5 in Stealth
  4002 | D:3      | Reached skill level 5 in Poison Magic
  4204 | D:3      | Killed a phantom
  4221 | D:3      | Reached skill level 1 in Short Blades
  4671 | D:4      | Found Qimogent's Magic Scroll Shoppe.
  4742 | D:4      | Reached XP level 7. HP: 18/41 MP: 7/12
  5079 | D:4      | Found Weshrac's Gadget Shop.
  5177 | D:4      | Found Okledghutt's General Store.
  5261 | D:4      | Reached skill level 6 in Stealth
  5804 | D:5      | Entered Level 5 of the Dungeon
  6267 | D:5      | Found a transporter.
  6267 | D:5      | Noticed a vampire
  6273 | D:5      | Noticed a hungry ghost
  6296 | D:5      | Found an ancient bone altar of Kikubaaqudgha.
  6300 | D:5      | Noticed Menkaure
  6389 | D:5      | Found a staircase to the Ecumenical Temple.
  6412 | Temple   | Entered the Ecumenical Temple
  6633 | Temple   | Became a worshipper of Gozag Ym Sagoz the Greedy
  6889 | D:5      | Found a basalt altar of Yredelemnul.
  6891 | D:5      | Found a transporter.
  6920 | D:5      | Found a bloodstained altar of Trog.
  6922 | D:5      | Found an ornate altar of the Wu Jian Council.
  6926 | D:5      | Found an iron altar of Okawaru.
  6927 | D:5      | Found a shimmering altar of Xom.
  7120 | D:6      | Learned a level 4 spell: Iskenderun's Mystic Blast
  7139 | D:6      | Found a transporter.
  7217 | D:6      | Found a shadowy altar of Dithmenos.
  7260 | D:6      | Reached XP level 8. HP: 42/46 MP: 14/14
  7292 | D:6      | Reached skill level 7 in Stealth
  7324 | D:6      | Found a sand-covered staircase.
  7345 | Ossuary  | Entered an ossuary
  7630 | Ossuary  | Learned a level 1 spell: Magic Dart
  7821 | Ossuary  | Reached skill level 5 in Spellcasting
  7966 | D:6      | Found a shattered altar of Ashenzari.
  7987 | D:6      | Reached skill level 5 in Conjurations
  8001 | D:6      | Reached skill level 8 in Stealth
  8412 | D:6      | Found a transporter.
  8546 | D:7      | Noticed Prince Ribbit
  8550 | D:7      | Killed Prince Ribbit
  8550 | D:7      | Reached XP level 9. HP: 44/51 MP: 14/17
  9162 | D:7      | Reached skill level 5 in Short Blades
  9162 | D:7      | Reached skill level 9 in Stealth
  9389 | D:7      | Noticed Pikel
  9397 | D:7      | Banished Pikel
  9821 | D:7      | Found a runed translucent door.
  9822 | D:7      | Noticed Crazy Yiuf
 10180 | D:7      | Noticed an ice statue
 10252 | D:7      | Learned a level 4 spell: Force Lance
 10554 | D:8      | Noticed Erica
 10562 | D:8      | Noticed Harold
 10940 | D:8      | Banished Erica
 10940 | D:8      | Reached skill level 10 in Stealth
 10940 | D:8      | Reached XP level 10. HP: 56/56 MP: 1/20
 11114 | D:8      | Noticed Gastronok
 12050 | D:9      | Found a stormy altar of Qazlal.
 12053 | D:9      | Found a white marble altar of Elyvilon.
 12055 | D:9      | Found a burning altar of Makhleb.
 12063 | D:9      | Found a snail-covered altar of Cheibriados.
 12064 | D:9      | Found a glowing golden altar of the Shining One.
 12417 | D:10     | Entered Level 10 of the Dungeon
 12730 | D:10     | Reached skill level 11 in Stealth
 12842 | D:10     | Reached skill level 5 in Dodging
 13178 | D:10     | Found a staircase to the Orcish Mines.
 13611 | D:11     | Reached skill level 1 in Shields
 13611 | D:11     | Reached skill level 1 in Evocations
 13781 | D:11     | Found a staircase to the Lair.
 13817 | D:11     | Noticed a manticore
 13821 | D:11     | Killed a manticore
 13835 | D:11     | Noticed a white ugly thing
 13838 | D:11     | Killed a white ugly thing
 13838 | D:11     | Reached XP level 11. HP: 61/61 MP: 22/22
 13908 | D:11     | Noticed a cyclops
 14605 | D:11     | Noticed Grum
 14650 | D:11     | Killed Grum
 14860 | D:11     | Noticed a red ugly thing
 14873 | D:11     | Killed a red ugly thing
 15165 | D:11     | Found a burning altar of Makhleb.
 15165 | D:11     | Noticed a balrug
 15921 | D:12     | Noticed a two-headed ogre
 15928 | D:12     | Noticed a frost giant
 15930 | D:12     | Noticed a white ugly thing
 16093 | D:12     | Noticed a cyclops
 16113 | D:12     | Killed a cyclops
 16236 | D:12     | Noticed a deep elf mage
 16322 | D:12     | Noticed a green ugly thing
 16323 | D:12     | Noticed a purple ugly thing
 16325 | D:12     | Identified the Guide on Combat Magic
 16329 | D:12     | Found a white marble altar of Elyvilon.
 16336 | D:12     | Killed a two-headed ogre
 16340 | D:12     | Reached skill level 5 in Evocations
 16340 | D:12     | Noticed a centaur warrior
 16347 | D:12     | Noticed a two-headed ogre
 16595 | Lair:1   | Entered Level 1 of the Lair of Beasts
 16922 | D:11     | Learned a level 5 spell: Iskenderun's Battlesphere
 16955 | D:11     | Reached skill level 5 in Shields
 17108 | D:11     | Reached XP level 12. HP: 20/66 MP: 1/25
 17349 | Lair:1   | Reached skill level 1 in Fighting
 18208 | Lair:1   | Learned a level 5 spell: Fireball
 18483 | Lair:1   | Reached skill level 12 in Stealth
 19071 | Lair:2   | Reached skill level 10 in Conjurations
 19482 | Lair:2   | Found a staircase to the Snake Pit.
 19764 | Lair:2   | Noticed a six-headed hydra
 19790 | Lair:2   | Killed a six-headed hydra
 20456 | Lair:3   | Found a dark tunnel.
 20461 | Volcano  | Entered a volcano
 20692 | Volcano  | Reached skill level 10 in Spellcasting
 20840 | Volcano  | Noticed a two-headed ogre
 20840 | Volcano  | Noticed a two-headed ogre
 20841 | Volcano  | Noticed a two-headed ogre
 20843 | Volcano  | Noticed a red draconian
 20846 | Volcano  | Killed a two-headed ogre
 20851 | Volcano  | Killed a two-headed ogre
 20858 | Volcano  | Killed a red draconian
 20862 | Volcano  | Noticed an ogre mage
 20863 | Volcano  | Killed an ogre mage
 20865 | Volcano  | Killed a two-headed ogre
 20865 | Volcano  | Reached XP level 13. HP: 77/77 MP: 6/27
 20879 | Volcano  | Found a radiant altar of Vehumet.
 22759 | Lair:3   | Got a polished buckler
 22760 | Lair:3   | Identified the +2 buckler "Paavyco" {rF+ Int+4} (You found
                  | it on level 3 of the Lair of Beasts)
 23241 | Lair:4   | Noticed Sonja
 23263 | Lair:4   | Killed Sonja
 23563 | Lair:4   | Noticed Kirke
 23903 | Lair:4   | Noticed Nessos
 23908 | Lair:4   | Banished Nessos
 23944 | Lair:4   | Found a shimmering altar of Xom.
 24114 | Lair:4   | Found a staircase to the Swamp.
 24295 | Lair:4   | Noticed a sphinx
 24296 | Lair:4   | Paralysed by a sphinx for 4 turns
 24298 | Lair:4   | Slain by a sphinx

Levels and vault maps discovered:
D:1:      lemuel_arrival_lava_pool, layout_basic, st_stairs_4
D:2:      layout_basic, minmay_mini_jars
D:3:      kennysheep_goblin_castle, layout_rooms
D:4:      layout_basic, serial_shops, nicolae_shop_crystal,
          nicolae_shop_crystal, shop
D:5:      layout_loops_ring, minitemple, gammafunk_temple_of_torment,
          minmay_temple_entry_junction, first_ration
D:6:      gammafunk_cloud_chamber, layout_basic, basic_altar,
          nicolae_ossuary_entry_catacombs, cheibrodos_ashenzari_chains
D:7:      lemuel_ice_statue, layout_basic, uniq_prince_ribbit1,
          uniq_crazy_yiuf_cottage, uniq_pikel
D:8:      layout_basic, uniq_erica, uniq_gastronok, uniq_harold
D:9:      minmay_cornered_nines, layout_long_grid, grunt_temple_overflow_open
D:10:     layout_long_grid, orc_0_dummy, grunt_tengu_nest
D:11:     layout_basic, lair_entry_dummy, makhleb_altar_promises_db, uniq_grum
D:12:     minmay_the_grid_square_5x5_5x5_mashed
          [minmay_the_grid_square_5x5_one_wall,
          minmay_the_grid_square_5x5_inner_z,
          minmay_the_grid_square_5x5_gyroscope,
          minmay_the_grid_square_5x5_intrusive_squares,
          minmay_the_grid_square_5x5_eight,
          minmay_the_grid_square_5x5_tri_point,
          minmay_the_grid_square_5x5_prize_monsterx,
          minmay_the_grid_square_5x5_minimal,
          minmay_the_grid_square_5x5_prize_junk,
          minmay_the_grid_square_5x5_corner,
          minmay_the_grid_square_5x5_half_checkered,
          minmay_the_grid_square_5x5_fancy_junction,
          minmay_the_grid_square_5x5_prize_pseudospiral,
          minmay_the_grid_square_5x5_longway,
          minmay_the_grid_square_5x5_moneybag,
          minmay_the_grid_square_5x5_dogpile,
          minmay_the_grid_square_5x5_prize_rear_guard,
          minmay_the_grid_square_5x5_v, minmay_the_grid_square_5x5_prize_itemx,
          minmay_the_grid_square_5x5_six_small,
          minmay_the_grid_square_5x5_three_small,
          minmay_the_grid_square_5x5_mess, minmay_the_grid_square_5x5_three,
          minmay_the_grid_square_5x5_beaten_path,
          minmay_the_grid_square_5x5_three_walls], layout_gridville,
          gammafunk_ghost_nasty_kobolds, elyvilon_altar_4, uniq_frances
Temple:   minmay_temple_curvy_loop
Lair:1:   layout_gridlike
Lair:2:   layout_cave_pods, minmay_snake_entry_spellcaster
Lair:3:   layout_chaotic_city, enter_volcano_4, infiniplex_staircase_pool,
          lemuel_fruit_tree, grunt_megastairs_2
Lair:4:   layout_gridlike, minmay_swamp_entry_reptiles, kb_xom_exploding_sheep,
          minmay_lair_oklob_chamber, uniq_sonja, uniq_nessos, uniq_kirke

Skill      XL: |  1  2  3  4  5  6  7  8  9 10 11 12 13 |
---------------+----------------------------------------+-----
Stealth        | 3 4 5 6 8 10 11 12 | 12.0
Poison Magic   | 4 5 |  5.0
Conjurations   | 2 3 4 5 7 8 9 10 11 | 11.6
Spellcasting   | 3 4 5 6 7 9 10 11 | 11.8
Short Blades   | 1 3 4 5 |  5.0
Dodging        | 4 5 7 8 |  8.5
Shields        | 2 5 |  5.0
Evocations     | 2 5 |  5.6
Fighting       | 3 |  3.1

Action                   |  1- 3 |  4- 6 |  7- 9 | 10-12 | 13-15 || total
-------------------------+-------+-------+-------+-------+-------++-------
Melee: Unarmed           |    95 |       |       |       |     1 ||    96
       Constrict         |    28 |    24 |    70 |    45 |    21 ||   188
       Tentacles         |    19 |    13 |    53 |    51 |    18 ||   154
       Dagger            |     3 |    96 |   284 |   322 |   150 ||   855
 Cast: Sting             |    27 |    30 |     7 |       |       ||    64
       Mephitic Cloud    |       |     7 |    15 |    35 |     8 ||    65
       Magic Dart        |       |       |   102 |   213 |   124 ||   439
       Force Lance       |       |       |     4 |    14 |    16 ||    34
       Iskenderun's Myst |       |       |       |    58 |       ||    58
       Iskenderun's Batt |       |       |       |    13 |     6 ||    19
       Fireball          |       |       |       |     1 |     9 ||    10
Invok: Potion Petition   |       |       |       |     2 |       ||     2
Evoke: Wand              |       |       |       |     1 |       ||     1
       Fan of gales      |       |       |       |       |     1 ||     1
  Use: Scroll            |     2 |     8 |    19 |    11 |     2 ||    42
       Potion            |     1 |     3 |     3 |     1 |     1 ||     9
 Stab: Sleeping          |     8 |     7 |     5 |    22 |     5 ||    47
       Confused          |       |     3 |     4 |     8 |     3 ||    18
       Distracted        |       |       |       |     3 |     1 ||     4
  Eat: Chunk             |     4 |     5 |     5 |       |       ||    14
       Ration            |       |     1 |     5 |    10 |     4 ||    20
Armor: Skin              |    21 |     2 |    31 |    48 |    19 ||   121
Dodge: Dodged            |    91 |    89 |   140 |   222 |   108 ||   650
Block: Buckler           |       |       |       |    54 |    30 ||    84

Table legend:
 A = Non-vault XP
 B = Vault XP
 C = Vault XP percentage of total XP
 D = Non-vault monster count
 E = Vault monster count
 F = Vault count percentage of total count
                 A         B        C        D         E       F
            +---------+---------+-------+---------+---------+-------
      Total |   30903 |   16492 |  34.8 |     302 |     108 |  26.3
            +---------+---------+-------+---------+---------+-------
        D:1 |      49 |       2 |   3.9 |      28 |       2 |   6.7
        D:2 |      31 |      39 |  55.7 |      12 |      10 |  45.5
        D:3 |     408 |      33 |   7.5 |      32 |      11 |  25.6
        D:4 |     209 |       0 |   0.0 |      17 |       0 |   0.0
        D:5 |     275 |       0 |   0.0 |      10 |       0 |   0.0
        D:6 |     314 |     348 |  52.6 |       9 |       6 |  40.0
        D:7 |     992 |     694 |  41.2 |      21 |       2 |   8.7
        D:8 |     801 |     764 |  48.8 |      12 |       1 |   7.7
        D:9 |     613 |     227 |  27.0 |      14 |       3 |  17.6
       D:10 |    1582 |     309 |  16.3 |      17 |       1 |   5.6
       D:11 |    6703 |     476 |   6.6 |      50 |       4 |   7.4
       D:12 |     120 |    2118 |  94.6 |       3 |      10 |  76.9
     Lair:1 |    4975 |       0 |   0.0 |      21 |       0 |   0.0
     Lair:2 |    3477 |     493 |  12.4 |      14 |       1 |   6.7
     Lair:3 |    8197 |    1095 |  11.8 |      32 |       6 |  15.8
     Lair:4 |    2157 |    3438 |  61.4 |      10 |       8 |  44.4
    Ossuary |       0 |     475 | 100.0 |       0 |      22 | 100.0
    Volcano |       0 |    5981 | 100.0 |       0 |      21 | 100.0
            +---------+---------+-------+---------+---------+-------
